 Dungeon Crawl Stone Soup version 0.21-a0-207-g4a9efaf (webtiles) character file.

133 Gorglomux the Skirmisher (level 5, -4/49 HPs)
             Began as a Hill Orc Conjurer on Aug 20, 2017.
             Slain by an orc
             ... wielding a +0 trident
              (6 damage)
             ... on level 3 of the Dungeon.
             The game lasted 00:05:30 (3100 turns).

Gorglomux the Skirmisher (Hill Orc Conjurer)        Turns: 3100, Time: 00:05:31

Health: -4/49      AC:  2    Str: 12    XL:     5   Next: 16%
Magic:  1/7        EV: 12    Int: 15    God:
Gold:   161        SH:  0    Dex: 11    Spells: 6/7 levels left

rFire    . . .     SeeInvis .   F - +0 war axe
rCold    . . .     Gourm    .   (no shield)
rNeg     . . .     Faith    .   a - +0 robe
rPois    .         Spirit   .   (no helmet)
rElec    .         Reflect  .   (no cloak)
rCorr    .         Harm     .   (no gloves)
MR       .....                  (no boots)
Stlth    ++........             (no amulet)
HPRegen  0.16/turn              (no ring)
MPRegen  0.10/turn              (no ring)

@: no status effects
A: no striking features
a: no special abilities


You were on level 3 of the Dungeon.
You were hungry.

You visited 1 branch of the dungeon, and saw 3 of its levels.

You collected 161 gold pieces.

Inventory:

Hand Weapons
 e - a +0 short sword
 F - a +0 war axe (weapon)
Missiles
 t - 6 javelins (quivered)
Armour
 a - a +0 robe (worn)
 m - a +0 scale mail
 r - a +0 shield
Scrolls
 i - a scroll of remove curse {unknown}
 j - a scroll of noise {unknown}
 k - 2 scrolls of identify {unknown}
 w - 2 scrolls of teleportation {unknown}
 A - a scroll of recharging {unknown}
 B - a scroll of enchant armour {unknown}
Potions
 d - a potion of cancellation {unknown}
 f - a potion of haste {unknown}
 g - 2 potions of berserk rage {unknown}
 n - a potion of mutation {unknown}
 o - a potion of degeneration {unknown}
 p - 2 potions of heal wounds {unknown}
 q - a potion of magic {unknown}
 u - a potion of invisibility {unknown}
 x - a potion of flight {unknown}
 C - a potion of curing {unknown}
 E - a potion of might {unknown}
Books
 b - a book of Conjurations

   Spells                             Type                      Level
   a - Magic Dart                     Conjuration                  1
   b - Searing Ray                    Conjuration                  2
   c - Dazzling Spray                 Conjuration/Hexes            3
   d - Fulminant Prism                Conjuration/Hexes            4
   e - Force Lance                    Conjuration/Translocation    4
   f - Iskenderun's Mystic Blast      Conjuration                  4
Comestibles
 c - 2 bread rations
 v - a royal jelly
 z - a meat ration
 D - a chunk of flesh


   Skills:
 + Level 5.6 Fighting
 - Level 1.5 Dodging
 - Level 1.5 Stealth
 - Level 1.5 Spellcasting
 - Level 4.0 Conjurations


You had 6 spell levels left.
You knew the following spells:

 Your Spells              Type           Power        Failure   Level  Hunger
a - Magic Dart            Conj           ##..         4%          1    ##.....


Dungeon Overview and Level Annotations

Branches:
Dungeon (3/15)

Altars:
Dithmenos

Annotations:
D:3 exclusion: centaur


Message History

The orc is almost dead!
You open the orc like a pillowcase!
You butt the orc!!!
The orc hits you with a trident! * * * don't die
* * * The orc hits you with a trident! * * * don'butt die
* * * Unknown command!
Casting: Magic Butt Butt with ! or Enter, or press ? or * to list all spells!
Aiming: Magic Dart
Press: ? - help, Shift-Dir - straight line, f/p - orc
Aim: an orc, wielding a trident and wearing a leather armour (severely wounded)
The magic dart hits the orc!
The orc is severely wounded!
Unknown command!
Unknown command!
The orc misses you!
The orc hits you butt butt with a trident! rip

###.####### #.#.. #.# #.#..
#.# ######.... #.# ..........
#.# #...† #.# #o#.. #.# #####
#)#.. #.#
###..o##########.##. #.#
##..@#............##. #.#
#.........).......##.
#.#######..##..#.#.#.#.#..###
#..........##.............#
#########.###.#.#.#.#.#.#.#
#.# #......)......# #.#
###.#####.##### #.# #.# #.#
#.# #.#####.#


You could see an orc.

Vanquished Creatures
  An orc wizard (D:3)
  3 adders (D:2)
  2 oozes (D:1)
  A worm (D:2)
  A dart slug (D:1)
  3 leopard geckos
  3 orcs (D:3)
  3 giant cockroaches
  12 hobgoblins
  4 jackals
  A quokka (D:2)
  A ball python (D:2)
  7 bats
  4 frilled lizards
  4 goblins
  3 kobolds
  4 rats
57 creatures vanquished.

Notes
Turn   | Place    | Note
-------+----------+-------------------------------------------
     0 | D:1      | Gorglomux the Hill Orc Conjurer began the quest for the Orb.
     0 | D:1      | Reached XP level 1. HP: 14/14 MP: 3/3
   126 | D:1      | Reached skill level 1 in Fighting
   229 | D:1      | Reached skill level 2 in Fighting
   229 | D:1      | Reached XP level 2. HP: 24/24 MP: 0/4
   905 | D:1      | Reached skill level 3 in Fighting
   905 | D:1      | Reached XP level 3. HP: 29/31 MP: 5/5
  1950 | D:2      | Reached skill level 4 in Fighting
  2020 | D:2      | Reached XP level 4. HP: 33/40 MP: 0/6
  2302 | D:2      | Found a shadowy altar of Dithmenos.
  2856 | D:3      | Noticed a centaur
  2882 | D:3      | Reached skill level 5 in Fighting
  3079 | D:3      | Reached XP level 5. HP: 21/48 MP: 0/7
  3094 | D:3      | HP: 1/49 [orc/trident (4)]
  3100 | D:3      | Slain by an orc

Vault maps used:
D:1:      minmay_arrival_stone_box, kennysheep_decorative_pillar
D:2:      nicolae_dithmenos_shadow_blocks, first_bread, nrook_loot_triangle,
          minmay_pentomino_o2
D:3:      minmay_misc_feat_pillars

Skill      XL: |  1  2  3  4 |
---------------+-------------+-----
Fighting       | 2 3 4 5 |  5.6
Dodging        | |  1.5
Stealth        | |  1.5
Spellcasting   | |  1.5
Conjurations   | |  4.0

Action                   |  1- 3 |  4- 6 || total
-------------------------+-------+-------++-------
Melee: Short sword       |    78 |    29 ||   107
       War axe           |       |    13 ||    13
Throw: Javelin           |     1 |       ||     1
 Cast: Magic Dart        |    63 |    40 ||   103
 Stab: Sleeping          |     1 |       ||     1
  Eat: Chunk             |     5 |     4 ||     9
Armor: Robe              |    13 |    14 ||    27
Dodge: Dodged            |    55 |    53 ||   108
